 Seeded DCSS version 0.28-a0-957-g42eb19b844 (webtiles) character file.

Game seed: 20211202 (custom seed)

137 a11behringer the Shield-Bearer (level 5, -5/42 HPs)
             Began as a Formicid Fighter on Dec 1, 2021.
             Slain by a two-headed ogre (13 damage)
             ... on level 4 of the Dungeon.
             The game lasted 00:10:52 (2827 turns).

a11behringer the Shield-Bearer (Formicid Fighter)   Turns: 2827, Time: 00:10:53

Health: -5/42      AC:  8    Str: 23    XL:     5   Next: 44%
Magic:  5/5        EV: 10    Int:  7    God:
Gold:   163        SH:  6    Dex: 10    Spells: 4/4 levels left

rFire   . . .      SeeInvis +   h - +4 hand axe
rCold   . . .      Faith    .   i - +2 buckler
rNeg    . . .      Spirit   .   b - +0 scale mail
rPois   .          Reflect  .   (helmet unavailable)
rElec   .          Harm     .   (no cloak)
rCorr   .          Rampage  .   m - +0 pair of gloves
Will    .....                   (no boots)
Stlth   ..........              (no amulet)
HPRegen 0.14/turn               (no ring)
MPRegen 0.09/turn               (no ring)

@: studying Poison Magic
A: permanent stasis, dig shafts and tunnels, antennae 3, four strong arms
a: Dig, Shaft Self


You were on level 4 of the Dungeon.
You visited 1 branch of the dungeon, and saw 4 of its levels.

You collected 163 gold pieces.

Inventory:

Hand Weapons
 a - a +0 war axe
 h - a +4 hand axe (weapon)
 j - a +0 hunting sling
Missiles
 k - 119 stones
Armour
 b - a +0 scale mail (worn)
 c - a +0 buckler
 i - a +2 buckler (worn)
 m - a +0 pair of gloves (worn)
Jewellery
 n - a +4 ring of protection
Scrolls
 e - a scroll of enchant weapon
 f - 2 scrolls of teleportation
 l - a scroll of immolation
Potions
 d - 3 potions of might
 g - a potion of degeneration {unknown}
 o - a potion of curing


   Skills:
 + Level 3.7 Fighting
 * Level 4.0 Axes
 + Level 4.0 Armour
 + Level 0.5 Dodging
 + Level 4.0 Shields


You had 4 spell levels left.
You didn't know any spells.
Your spell library contained the following spells:

 Spells                   Type           Power      Damage    Failure   Level
 Corpse Rot               Necr/Air       0%         N/A       86%         2
 Poisonous Vapours        Pois/Air       0%         N/A       86%         2
 Ozocubu's Armour         Ice            0%         N/A       98%         3
 Dispel Undead            Necr           0%         3d6       100%        4
 Summon Forest            Summ/Tloc      0%         N/A       100%        5
 Death Channel            Necr           0%         N/A       100%        6
 Eringya's Noxious Bog    Tmut/Pois      0%         N/A       100%        6
 Ozocubu's Refrigeration  Ice            0%         4d5       100%        7
 Summon Hydra             Summ           0%         N/A       100%        7


Dungeon Overview and Level Annotations

Branches:
Dungeon (4/15)
 Temple: D:4-7

Altars:


Innate Abilities, Weirdness & Mutations

You cannot be hasted, slowed, berserked, paralysed or teleported.
You can dig through walls and to a lower floor.
You have a pair of large antennae on your head. (SInv)
Your four strong arms can wield two-handed weapons with a shield.


Message History

The two-headed ogre moves out of view.
Found 13 gold pieces.
Found a stone staircase leading down.
Found 25 stones.
Found an encrusted peridot ring.
Found a scroll of immolation.
Found a stone staircase leading up.
Found 14 poisoned darts.
You see here 25 stones.
You see here a +4 ring of protection.
n - a +4 ring of protection
Found 13 gold pieces.
Non-targeted abil: Dig
Press: ? - help, Q - select action, (/) - cycle Dir - look around, f - activate
Okay, then.
Non-targeted abil: Dig
Press: ? - help, Q - select action, (/) - cycle Dir - look around, f - activate
Okay, then.
You extend your mandibles.
You dig through the rock wall.
You retract your mandibles.
The hobgoblin hits you.
There is a stone staircase leading up here.
You extend your mandibles.
You dig through the rock wall.
You retract your mandibles.
You extend your mandibles.
You dig through the rock wall.
You dig through the rock wall.
The two-headed ogre hits you with a +0 giant club!!
Ouch! That really hurt!
* * * LOW HITPOINT WARNING * * *
You block the two-headed ogre's attack.
You dig through the rock wall.
You retract your mandibles.
You are too injured to fight recklessly!
You are too injured to fight recklessly!
You are too injured to fight recklessly!
You block the two-headed ogre's attack.
The two-headed ogre hits you with a +0 giant spiked club!
You die...

{ { ##### { #...# {
#...# { { #...#
####
##...###########...
+..................
##@.g#######.###.##
#.O.# #.# #.# #####
#.# #.# #.# #g# {
#.# #.## #.# #...
#.# #... #.# #...
#.# #...


You could see a two-headed ogre and a hobgoblin.

Vanquished Creatures
  A centaur skeleton (D:4)
  A jelly (D:3)
  2 adders
  3 worms
  2 dart slugs (D:3)
  An orc (D:3)
  3 endoplasms
  3 giant cockroaches
  5 goblins
  2 hobgoblins
  5 jackals (D:2)
  8 ball pythons
  6 bats
  3 frilled lizards
  2 kobolds
  3 rats
50 creatures vanquished.

Vanquished Creatures (others)
  A plant (D:2)
1 creature vanquished.

Grand Total: 51 creatures vanquished

Notes
Turn   | Place    | Note
-------+----------+-------------------------------------------
     0 | D:1      | a11behringer the Formicid Fighter began the quest for the
                  | Orb.
     0 | D:1      | Reached XP level 1. HP: 18/18 MP: 1/1
   325 | D:1      | Reached XP level 2. HP: 23/24 MP: 2/2
  1056 | D:2      | Reached XP level 3. HP: 29/29 MP: 3/3
  1329 | D:2      | Found a faded altar of an unknown god.
  1339 | D:2      | Reached XP level 4. HP: 31/37 MP: 4/4
  2122 | D:3      | Reached XP level 5. HP: 33/42 MP: 5/5
  2750 | D:4      | Noticed a two-headed ogre
  2827 | D:4      | Slain by a two-headed ogre

Illustrated notes

Levels and vault maps discovered:
D:1:      lemuel_arrival_lava_pool, layout_loops_ring, minivault_4, minivault_11
D:2:      layout_rooms, nicolae_ecumenical_snake_handling, serial_bayou_crossing
D:3:      layout_basic, eino_tiny_chamber
D:4:      layout_basic, uniq_blork_the_orc

Skill      XL: |  1  2  3  4  5 |
---------------+----------------+-----
Axes           | 3 4 |  4.0
Shields        | 4 |  4.0
Armour         | 4 |  4.0
Fighting       | |  3.7
Dodging        | |  0.5

Action                   |  1- 3 |  4- 6 || total
-------------------------+-------+-------++-------
Melee: War axe           |    12 |       ||    12
       Hand axe          |    53 |    39 ||    92
 Abil: Dig               |     1 |     3 ||     4
  Use: Scroll            |       |     8 ||     8
Armor: Scale mail        |    35 |    14 ||    49
Dodge: Dodged            |    42 |    17 ||    59
Block: Buckler           |    14 |    13 ||    27

Table legend: (Time is in decaauts)
 A = Elapsed time spent in this place.
 B = Non-inter-level travel time spent in this place.
 C = Inter-level travel time spent in this place.
 D = Time resting spent in this place.
 E = Time spent auto-exploring this place.
 F = Levels seen in this place.
 G = Mean time per level.
                   A        B        C        D        E       F      G
               +--------+--------+--------+--------+--------+-----+--------+
         Total |   2852 |   2297 |    555 |      0 |   1864 |   4 |  713.0 |
       Dungeon |   2852 |   2297 |    555 |      0 |   1864 |   4 |  713.0 |
               +--------+--------+--------+--------+--------+-----+--------+

Top non-repeatable levels by time:
     D:1: 998 daAuts
     D:2: 828 daAuts
     D:3: 743 daAuts
     D:4: 281 daAuts
